 Dungeon Crawl Stone Soup version 0.26-a0-831-g7192265339 (webtiles) character file.

Game seed: 9111573947629573752

219855 runemasterragnar the Unseen (level 19, -18/150 HPs)
             Began as an Octopode Earth Elementalist on Nov 16, 2020.
             Was an Initiate of Gozag.
             Demolished by a vault warden
             ... wielding a +0 war axe
              (33 damage)
             ... on level 1 of the Vaults.
             The game lasted 02:30:57 (48995 turns).

runemasterragnar the Unseen (OpEE)                 Turns: 48995, Time: 02:30:58

Health: -18/150    AC: 41    Str: 14    XL:     19   Next: 15%
Magic:  15/30      EV: 21    Int: 36    God:    Gozag
Gold:   1832       SH: 13    Dex: 20    Spells: 9/39 levels left

rFire    + + +     SeeInvis +   F - +9 scimitar (flame)
rCold    + . .     Faith    .   l - +2 kite shield "Hethagg" {+Fly Str+4}
rNeg     + + +     Spirit   .   G - +2 hood of the Assassin {Detection Stab+ Stlth++}
rPois    ∞         Reflect  .   T - amulet of the Air {Inacc +Fly rElec EV+5 RMsl}
rElec    +         Harm     .   E - ring of Ciypsoiggu {rF+ AC+4 Int+4 Dex+3 Stlth+}
rCorr    .         Rampage  .   K - ring "Nyqit" {Ice Str+4 Int+5}
MR       +++..                  c - ring "Zesar" {MR+ Int+4 Dex+2}
Stlth    ++++++++++             P - ring "Olloab" {rF+ rN++ EV-4 Str-3 Dex+3} (curse)
HPRegen  0.35/turn              O - ring of see invisible
MPRegen  0.22/turn              t - ring "Loruut" {MR+ Stlth+}
                                j - ring "Epeaq" {rPois rF++ rN+ Int-3 Stlth-}
                                o - ring of Shadows {Umbra +Inv Stlth+}

@: statue-form, gold aura, wreathed by umbra, studying Dodging, repel missiles,
very slow
A: almost no armour, stealthy swim, amphibious, 8 rings, constrict 8, antennae
1, camouflage 1, blink, clever 1, frail 1, low mp 1, wild magic 1
}: 1/15 runes: serpentine
a: End Transformation, Blink, Potion Petition, Call Merchant, Bribe Branch,
Renounce Religion, Evoke Invisibility, Evoke Flight


You were on level 1 of the Vaults.
You worshipped Gozag.
Gozag was most pleased with you.
You were a stone statue.
You visited 6 branches of the dungeon, and saw 30 of its levels.
You visited 2 bazaars.
You also visited: Bailey.

You collected 15479 gold pieces.
You spent 10958 gold pieces at shops.
You paid 2689 gold pieces to Gozag.

Inventory:

Hand Weapons
 F - a +9 scimitar of flaming (weapon)
Missiles
 b - 1130 stones (quivered)
Armour
 l - the +2 kite shield "Hethagg" (worn) {+Fly Str+4}
   (You found it in a bailey)

   It affects your strength (+4).
   It lets you fly.
 G - the +2 hood of the Assassin (worn) {Detection Stab+ Stlth++}
   (You bought it in a shop on level 1 of the Snake Pit)

   It makes you much more stealthy.
Magical Staves
 w - an uncursed staff of earth
Jewellery
 c - the ring "Zesar" (on tentacle) {MR+ Int+4 Dex+2}
   (You acquired it on level 1 of the Shoals)

   [ring of protection from magic]

   It affects your intelligence (+4).
   It affects your dexterity (+2).
   It affects your resistance to hostile enchantments.
 j - the ring "Epeaq" (on tentacle) {rPois rF++ rN+ Int-3 Stlth-}
   (You bought it in a shop on level 1 of the Lair of Beasts)

   [ring of attention]

   It affects your intelligence (-3).
   It greatly protects you from fire.
   It protects you from poison.
   It protects you from negative energy.
   It makes you less stealthy.
 o - the ring of Shadows (on tentacle) {Umbra +Inv Stlth+}
   (You bought it in a shop on level 1 of the Lair of Beasts)

   [ring of stealth]

   It lets you turn invisible.
   It makes you more stealthy.
 t - the ring "Loruut" (on tentacle) {MR+ Stlth+}
   (You found it on level 2 of the Snake Pit)

   [ring of stealth]

   It affects your resistance to hostile enchantments.
   It makes you more stealthy.
 E - the ring of Ciypsoiggu (left tentacle) {rF+ AC+4 Int+4 Dex+3 Stlth+}
   (You bought it in a shop on level 14 of the Dungeon)

   [ring of protection]

   It affects your AC (+4).
   It affects your intelligence (+4).
   It affects your dexterity (+3).
   It protects you from fire.
   It makes you more stealthy.
 K - the ring "Nyqit" (right tentacle) {Ice Str+4 Int+5}
   (You found it on level 2 of the Snake Pit)

   [ring of ice]

   It enhances your ice magic.
   It affects your strength (+4).
   It affects your intelligence (+5).
   It makes you vulnerable to fire.
   It protects you from cold.
 O - a ring of see invisible (on tentacle)
 P - the cursed ring "Olloab" (on tentacle) {rF+ rN++ EV-4 Str-3 Dex+3}
   (You bought it in a shop on level 1 of the Lair of Beasts)

   [ring of evasion]

   It affects your evasion (-4).
   It affects your strength (-3).
   It affects your dexterity (+3).
   It protects you from fire.
   It greatly protects you from negative energy.
   It has a curse placed upon it.
 Q - an uncursed ring of resist corrosion
 T - the amulet of the Air (around mantle) {Inacc +Fly rElec EV+5 RMsl}
   (You bought it in a shop on level 1 of the Lair of Beasts)

   [amulet of inaccuracy]

   It reduces the accuracy of all your attacks.
   It affects your evasion (+5).
   It insulates you from electricity.
   It lets you fly.
   It protects you from missiles.
Wands
 e - a wand of digging (6)
 r - a wand of acid (6)
 A - a wand of disintegration (18)
 B - a wand of paralysis (78)
 M - a wand of iceblast (7)
Scrolls
 f - a scroll of summoning
 k - 4 scrolls of magic mapping
 p - 15 scrolls of remove curse
 y - 5 scrolls of blinking
 z - 10 scrolls of teleportation
 S - 6 scrolls of identify
 W - 2 scrolls of enchant armour
 X - 4 scrolls of fear
 Y - 4 scrolls of fog
Potions
 a - 15 potions of curing
 h - 7 potions of haste
 i - 5 potions of heal wounds
 m - 7 potions of flight
 n - 4 potions of invisibility
 q - 4 potions of lignification
 s - 6 potions of mutation
 x - 4 potions of might
 H - 3 potions of magic
 N - 6 potions of brilliance
 R - a potion of cancellation
 U - 2 potions of resistance
Books
 u - a manual of Dodging
Miscellaneous
 d - a condenser vane (inert)
 g - a phantom mirror


   Skills:
 + Level 11.5 Fighting
 + Level 5.3 Long Blades
 - Level 0.1 Staves
 + Level 11.5 Dodging
 + Level 16.0 Stealth
 + Level 7.9 Shields
 + Level 5.4 Unarmed Combat
 + Level 10.9 Spellcasting
 - Level 9.1 Conjurations
 - Level 5.1 Translocations
 - Level 13.4 Transmutations
 * Level 15.6 Earth Magic
 + Level 7.2 Evocations


You had 9 spell levels left.
You knew the following spells:

 Your Spells              Type           Power        Failure   Level
a - Sandblast             Erth           ######       1%          1
b - Passwall              Tmut/Erth      ########     1%          2
c - Stone Arrow           Conj/Erth      ######       1%          3
d - Petrify               Tmut/Erth      ########     1%          4
e - Lee's Rapid Deconstr  Erth           ########..   1%          5
f - Blink                 Tloc           N/A          1%          2
g - Iron Shot             Conj/Erth      #######...   8%          6
h - Statue Form           Tmut/Erth      ########.    3%          6
i - Apportation           Tloc           ######       1%          1

Your spell library contained the following spells:

 Spells                   Type           Power        Failure   Level
 Beastly Appendage        Tmut           ######       1%          1
 Foxfire                  Conj/Fire      ####         1%          1
 Magic Dart               Conj           ####         1%          1
 Searing Ray              Conj           ######       1%          2
 Wereblood                Tmut           ########     1%          2
 Blade Hands              Tmut           ########..   1%          5
 Spider Form              Tmut/Pois      ######....   2%          3
 Lesser Beckoning         Tloc           ######....   3%          3
 Leda's Liquefaction      Hex/Erth       #######...   3%          4
 Conjure Flame            Conj/Fire      ######..     4%          3
 Ignite Poison            Fire/Tmut/Pois ######..     4%          3
 Static Discharge         Conj/Air       ######..     4%          3
 Ice Form                 Ice/Tmut       #######.     5%          4
 Iskenderun's Battlesphe  Conj           #######.     5%          5
 Mephitic Cloud           Conj/Pois/Air  ######..     7%          3
 Bolt of Magma            Conj/Fire/Erth #######...   8%          5
 Corona                   Hex            ####...      9%          1
 Summon Small Mammal      Summ           ####         9%          1
 Portal Projectile        Hex/Tloc       #####.       9%          3
 Borgnjor's Vile Clutch   Necr/Erth      #######...   10%         5
 Call Imp                 Summ           ####....     12%         2
 Slow                     Hex            ####....     12%         2
 Hailstorm                Conj/Ice       #######.     12%         4
 Sticky Flame             Conj/Fire      ######..     12%         4
 Alistair's Intoxication  Tmut/Pois      ######...    13%         5
 Call Canine Familiar     Summ           ####....     22%         3
 Inner Flame              Hex/Fire       ####....     22%         3
 Summon Guardian Golem    Hex/Summ       ####....     22%         3
 Tukima's Dance           Hex            ####....     22%         3
 Fireball                 Conj/Fire      ######....   30%         5
 Lightning Bolt           Conj/Air       ######....   30%         5
 Animate Dead             Necr           ####......   54%         4
 Cause Fear               Hex            ####......   54%         4
 Summon Ice Beast         Ice/Summ       #####...     54%         4
 Summon Lightning Spire   Summ/Air       ####....     54%         4
 Orb of Destruction       Conj           #######...   77%         7
 Starburst                Conj/Fire      ######....   82%         6
 Death Channel            Necr           ####......   100%        6
 Invisibility             Hex            ####....     100%        6
 Simulacrum               Ice/Necr       #####.....   100%        6
 Spellforged Servitor     Conj/Summ      ######....   100%        7
 Ignition                 Fire           ####......   100%        8
 Shatter                  Erth           ########..   100%        9
 Tornado                  Air            ####......   100%        9


Dungeon Overview and Level Annotations

Branches:
Dungeon (15/15)            Temple (0/1) D:4            Lair (6/6) D:8
 Shoals (2/4) Lair:3        Snake (4/4) Lair:3        Slime (0/5) Lair:5
    Orc (2/2) D:12            Elf (0/3) Orc:2        Vaults (1/5) D:14
 Depths (0/5) D:15         Bailey (visited)

Altars:
Cheibriados
Dithmenos
Elyvilon
Fedhas
Gozag
Hepliaklqana
Makhleb
Nemelex Xobeh
Ru
Uskayaw
Xom
Zin
The Shining One
Beogh

Shops:
D:6 (   D:7 *   D:10 }   D:14 =   Orc:1 ![(**   Orc:2 :([*   Lair:1 =***
Shoals:1 (   Snake:1 ?[[   Snake:3 }=}(

Annotations:
D:11 1 runed translucent door, robertstho's ghost, journeyman MiAK
D:13 3 runed translucent doors, Awnuo's ghost, journeyman DsBe; Dittersdorf's ghost, journeyman MiBe; Meejax's ghost, journeyman DsGl; Xiat Xai's ghost, journeyman DrFE
D:14 3 runed translucent doors
Lair:2 exclusion: 2 oklob plants
Lair:4 1 runed translucent door, Zaegoraum's ghost, journeyman DsAK


Innate Abilities, Weirdness & Mutations

You cannot wear most types of armour.
You are very stealthy in the water. (Stealth+)
You are amphibious.
You can wear up to eight rings at the same time.
You can use your tentacles to constrict eight enemies at once.
Your skin changes colour to match your surroundings (Stealth+).
((Your rubbery body absorbs attacks. (AC +1, EV +1)))
You have a pair of small antennae on your head.
((You are partially covered in molten scales. (AC +2)))
((You are partially covered in slimy green scales. (AC +2)))
You can translocate small distances at will.
Your mind is acute. (Int +2)
You are frail. (-10% HP)
Your magical capacity is low. (-10% MP)
Your spells are a little harder to cast, but a little more powerful.


Message History

You slice the vault warden!! You burn the vault warden.
You grab the vault warden.
The vault warden is heavily wounded.
You slash the vault warden! You burn the vault warden.
You squeeze the vault warden, but do no damage.
The vault warden is heavily wounded.
You constrict the vault warden.
You constrict the vault guard, but do no damage.
The vault guard hits you but does no damage.
You block the ironheart preserver's attack.
The vault warden hits you with a +0 war axe!!!
* * * LOW HITPOINT WARNING * * *
The vault guard misses you.
You slash the ironheart preserver! You burn the ironheart preserver.
You kill the ironheart preserver!
You constrict the vault warden! You constrict the vault guard!
The vault sentinel blows a loud note on a signal horn!
The vault warden hits you with a +0 war axe!!
You die...
Your body crumbles into a pile of gold.

#... ... #... ....
#..# .... ##..#
.....##$.# ....$#..#
.....+pp# ######pp# {
#$8#{ { #..## #.
##..## #.. ##..## #..#
##..## #..#
##..#####..#
##.......# #........#
##.....##
#........#########'###


You could see a vault warden (strong), a vault guard (strong), a vault sentinel
(strong, catching breath) and an ironbrand convoker.

Vanquished Creatures
  Vashnia (Snake:4)
  Asterion (Snake:4)
  Gastronok (Lair:2)
  Roxanne (Snake:4)
  A sphinx (Vaults:1)
  Donald (Snake:3)
  10 nagarajas
  An orc warlord (Orc:2)
  2 vault wardens (Vaults:1)
  Aizul (Snake:1)
  A very ugly thing (Vaults:1)
  4 ironheart preservers (Vaults:1)
  Nessos (Lair:5)
  Snorg (D:10)
  A yaktaur captain (Vaults:1)
  3 fire dragons
  Fannar (D:11)
  7 hydras
  Harold (D:10)
  An ice dragon (Vaults:1)
  2 boulder beetles
  18 naga warriors
  6 ogre magi (Vaults:1)
  15 anacondas
  9 two-headed ogres
  4 centaur warriors (D:14)
  Erica (Orc:1)
  An alligator snapping turtle (Shoals:2)
  A death knight (Vaults:1)
  A satyr (Shoals:2)
  6 death yaks (Lair:5)
  A deep troll earth mage (Vaults:1)
  7 shock serpents
  4 orc high priests (Orc:2)
  A deep elf knight (D:14)
  17 naga sharpshooters
  3 salamander mystics (Snake:2)
  2 skeletal warriors
  An unseen horror (shapeshifter) (Vaults:1)
  2 sea snakes (Shoals:1)
  3 unseen horrors
  3 deep trolls (Vaults:1)
  A wizard (Vaults:1)
  4 naga ritualists
  2 deep elf archers (Vaults:1)
  An obsidian statue (Snake:4)
  8 orc knights
  8 harpies
  5 deep elf magi (D:14)
  A wolf spider (Vaults:1)
  2 ironbrand convokers (Vaults:1)
  6 mana vipers
  6 manticores
  4 orc sorcerers
  8 salamanders
  21 ugly things
  9 cyclopes
  A guardian serpent (Snake:2)
  A centaur zombie (D:13)
  A torpor snail (Lair:6)
  26 naga magi
  2 vault sentinels (Vaults:1)
  27 black mambas
  An elephant (Lair:6)
  3 merfolk sirens
  13 cane toads
  2 gargoyles (D:12)
  Maggie (D:10)
  2 efreet
  2 yaktaurs
  8 rime drakes
  A freezing wraith (Vaults:1)
  10 komodo dragons
  4 merfolk
  7 polar bears (Lair:6)
  4 hornets
  5 trolls
  2 wind drakes
  7 slime creatures
  A wind drake (shapeshifter) (D:13)
  14 dream sheep
  3 blink frogs (Lair:6)
  A spriggan (shapeshifter) (D:15)
  4 shadows
  A vampire (D:14)
  4 wraiths
  A water elemental (Shoals:2)
  Sigmund (D:2)
  62 yaks
  9 spriggans (Lair:6)
  10 wyverns
  3 humans (Snake:2)
  11 basilisks
  Menkaure (D:7)
  A two-headed ogre zombie (D:12)
  8 wargs
  An acid dragon (D:13)
  50 nagas
  2 soldier ants
  A hell hound (D:15)
  11 water moccasins
  2 ice beasts (D:12)
  A phantom (D:12)
  2 sky beasts
  49 orc warriors
  An eye of draining (D:12)
  3 black bears
  2 necrophages
  15 boggarts
  48 wolves
  20 ogres
  17 centaurs
  3 big kobolds
  20 bullfrogs
  A glowing shapeshifter simulacrum (Vaults:1)
  2 wyvern skeletons
  7 scorpions
  A troll zombie (D:12)
  12 killer bees
  8 wights
  5 howler monkeys (D:11)
  2 lava snakes (D:10)
  5 jellies
  11 hounds
  A bullfrog skeleton (D:8)
  2 bullfrog zombies
  22 orc wizards
  18 orc priests
  A quasit (D:12)
  5 centaur skeletons
  3 iguanas (D:6)
  6 hell rats
  10 worker ants
  6 ogre zombies (D:12)
  2 hound zombies
  2 hound skeletons (D:6)
  14 gnolls
  9 adders
  A shadow imp (D:6)
  4 white imps
  An ufetubus (D:8)
  An ooze (Lair:5)
  A worm (D:2)
  3 dart slugs
  4 leopard geckos
  98 orcs
  2 giant cockroaches
  12 goblins
  5 hobgoblins
  A jackal (D:5)
  3 quokkas
  6 bats
  6 frilled lizards
  A goblin skeleton (D:12)
  6 goblin zombies (D:12)
  A hobgoblin skeleton (D:12)
  4 hobgoblin zombies (D:12)
  A jackal skeleton (D:4)
  A jackal zombie (D:6)
  24 kobolds
  An orc skeleton (D:12)
  12 orc zombies (D:12)
  7 rats
  A butterfly (D:8)
1110 creatures vanquished.

Vanquished Creatures (others)
  A black mamba (Snake:2)
  A dream sheep (Shoals:2)
  A bush (Lair:5)
  104 fungi
  107 plants
214 creatures vanquished.

Grand Total: 1324 creatures vanquished

Notes
Turn   | Place    | Note
-------+----------+-------------------------------------------
     0 | D:1      | runemasterragnar the Octopode Earth Elementalist began the
                  | quest for the Orb.
     0 | D:1      | Reached XP level 1. HP: 11/11 MP: 3/3
    24 | D:1      | Reached XP level 2. HP: 5/17 MP: 0/5
   446 | D:1      | Learned a level 2 spell: Passwall
  1042 | D:2      | Found a white marble altar of Elyvilon.
  1073 | D:2      | Reached skill level 3 in Stealth
  1140 | D:2      | Noticed Sigmund
  1147 | D:2      | Killed Sigmund
  1148 | D:2      | Reached skill level 1 in Fighting
  1148 | D:2      | Reached skill level 1 in Unarmed Combat
  1148 | D:2      | Reached XP level 3. HP: 8/23 MP: 6/6
  1148 | D:2      | Reached XP level 4. HP: 9/28 MP: 7/7
  1148 | D:2      | Reached XP level 5. HP: 11/33 MP: 8/8
  1240 | D:2      | Found a glowing golden altar of the Shining One.
  1461 | D:2      | Found a faded altar of an unknown god.
  1802 | D:2      | Found a burning altar of Makhleb.
  1954 | D:3      | Found a hide-covered altar of Uskayaw.
  2013 | D:3      | Found a sparkling altar of Nemelex Xobeh.
  2065 | D:3      | Learned a level 3 spell: Stone Arrow
  2092 | D:3      | Reached XP level 6. HP: 29/38 MP: 9/9
  2881 | D:4      | Found an opulent altar of Gozag.
  2961 | D:4      | Became a worshipper of Gozag Ym Sagoz the Greedy
  3185 | D:4      | Reached skill level 1 in Conjurations
  3304 | D:4      | Found a staircase to the Ecumenical Temple.
  3376 | D:4      | Reached skill level 4 in Stealth
  3575 | D:5      | Entered Level 5 of the Dungeon
  3783 | D:5      | Reached XP level 7. HP: 20/45 MP: 11/11
  4125 | D:5      | Learned a level 4 spell: Petrify
  5093 | D:6      | Found Oxtots's Antique Weapon Shoppe.
  5188 | D:6      | Found a sacrificial altar of Ru.
  5388 | D:6      | Reached skill level 5 in Earth Magic
  5493 | D:6      | Reached XP level 8. HP: 51/51 MP: 12/12
  5751 | D:6      | Found a glowing silver altar of Zin.
  6359 | D:6      | Reached skill level 5 in Stealth
  7201 | D:7      | Found a shimmering altar of Xom.
  7344 | D:7      | Found Hearre's Assorted Antiques.
  7426 | D:7      | Found a shadowy altar of Dithmenos.
  7487 | D:7      | Noticed Menkaure
  7491 | D:7      | Killed Menkaure
  7492 | D:7      | Reached XP level 9. HP: 57/57 MP: 14/14
  7498 | D:7      | Learned a level 5 spell: Lee's Rapid Deconstruction
  7643 | D:8      | Noticed a two-headed ogre
  7654 | D:8      | Killed a two-headed ogre
  7655 | D:8      | Reached skill level 1 in Long Blades
  7655 | D:8      | Reached skill level 5 in Transmutations
  7855 | D:8      | Noticed a hornet
  7863 | D:8      | Killed a hornet
  7864 | D:8      | Reached skill level 6 in Stealth
  8390 | D:8      | Found a shimmering altar of Xom.
  8441 | D:8      | Found a staircase to the Lair.
  8471 | D:8      | Noticed a komodo dragon
  8472 | D:8      | Reached skill level 5 in Conjurations
  8721 | D:8      | Reached XP level 10. HP: 59/63 MP: 15/16
  8846 | D:8      | Found a runed translucent door.
  9336 | Lair:1   | Entered Level 1 of the Lair of Beasts
  9472 | Lair:1   | Learned a level 2 spell: Blink
  9539 | Lair:1   | Noticed a four-headed hydra
  9544 | Lair:1   | Killed a four-headed hydra
  9545 | Lair:1   | Reached skill level 1 in Translocations
  9661 | Lair:1   | Found a blossoming altar of Fedhas.
  9718 | Lair:1   | Reached skill level 5 in Dodging
  9784 | Lair:1   | Reached skill level 7 in Stealth
 10977 | Lair:1   | Reached skill level 5 in Spellcasting
 10977 | Lair:1   | Reached XP level 11. HP: 61/70 MP: 8/18
 11207 | Lair:2   | Noticed a four-headed hydra
 11221 | Lair:2   | Noticed Gastronok
 11501 | Lair:3   | Reached skill level 5 in Fighting
 11641 | Lair:3   | Reached skill level 8 in Stealth
 11829 | Lair:3   | Found a staircase to the Snake Pit.
 12048 | Lair:3   | Found a staircase to the Shoals.
 13419 | Lair:4   | Found a runed translucent door.
 13420 | Lair:4   | Noticed Zaegoraum's ghost (journeyman DsAK)
 13479 | Lair:4   | Noticed a six-headed hydra
 13500 | Lair:4   | Killed a six-headed hydra
 14197 | Lair:4   | Noticed a seven-headed hydra
 14211 | Lair:4   | Killed a seven-headed hydra
 14212 | Lair:4   | Reached skill level 5 in Translocations
 14521 | Lair:4   | Reached XP level 12. HP: 78/78 MP: 20/20
 14528 | Lair:4   | Reached skill level 9 in Stealth
 15071 | Lair:5   | Noticed Nessos
 15077 | Lair:5   | Killed Nessos
 15081 | Lair:5   | Got a translucent rapier
 15090 | Lair:5   | Found a staircase to the Slime Pits.
 15619 | Lair:5   | Noticed a death yak
 15620 | Lair:5   | Noticed a death yak
 15620 | Lair:5   | Noticed a death yak
 15809 | Lair:1   | Killed a four-headed hydra
 16138 | Lair:1   | Bought a scroll of identify for 46 gold pieces
 16163 | D:9      | Noticed a two-headed ogre
 16177 | D:9      | Found a flagged portal.
 16191 | Bailey   | Entered a bailey
 16536 | Bailey   | Got a jewelled kite shield
 16544 | Bailey   | Identified the +2 kite shield "Hethagg" {+Fly Str+4} (You
                  | found it in a bailey)
 16756 | D:9      | Killed a two-headed ogre
 17134 | D:10     | Entered Level 10 of the Dungeon
 17134 | D:10     | Found a hazy altar of Hepliaklqana.
 17144 | D:10     | Noticed Harold
 17154 | D:10     | Killed Harold
 17155 | D:10     | Reached skill level 1 in Shields
 17167 | D:10     | Reached skill level 10 in Earth Magic
 17384 | D:10     | Found Fefro's Gadget Shoppe.
 17485 | D:10     | Noticed Snorg
 17500 | D:10     | Killed Snorg
 17501 | D:10     | Reached skill level 10 in Stealth
 17837 | D:10     | Noticed Maggie
 17856 | D:10     | Killed Maggie
 17899 | D:10     | Noticed a two-headed ogre
 17902 | D:10     | Killed a two-headed ogre
 18712 | D:11     | Reached XP level 13. HP: 85/85 MP: 22/22
 19197 | D:11     | Learned a level 6 spell: Iron Shot
 19768 | D:11     | Found a runed translucent door.
 19768 | D:11     | Noticed robertstho's ghost (journeyman MiAK)
 19784 | D:11     | Noticed Fannar
 19849 | Lair:1   | Bought the ring of Shadows {Umbra +Inv Stlth+} for 680 gold
                  | pieces
 19849 | Lair:1   | Bought the ring "Epeaq" {rPois rF++ rN+ Int-3 Stlth-} for
                  | 579 gold pieces
 19849 | Lair:1   | Found the ring of Shadows {Umbra +Inv Stlth+}
 20315 | D:8      | Found a roughly hewn altar of Beogh.
 21182 | D:12     | Got a translucent hand axe
 21342 | D:12     | Found a staircase to the Orcish Mines.
 22703 | D:13     | Got a shimmering rapier
 23597 | D:13     | Reached skill level 11 in Stealth
 23869 | D:13     | Found a runed translucent gate.
 23876 | D:13     | Noticed Awnuo's ghost (journeyman DsBe)
 23878 | D:13     | Found a runed translucent gate.
 23878 | D:13     | Noticed Dittersdorf's ghost (journeyman MiBe)
 23878 | D:13     | Noticed Xiat Xai's ghost (journeyman DrFE)
 23881 | D:13     | Found a runed translucent gate.
 23921 | D:13     | Noticed Meejax's ghost (journeyman DsGl)
 24545 | D:11     | Killed Fannar
 25099 | Lair:1   | Bought the amulet of the Air {Inacc +Fly rElec EV+5 RMsl}
                  | for 809 gold pieces
 25099 | Lair:1   | Bought the cursed ring "Olloab" {rF+ rN++ EV-4 Str-3 Dex+3}
                  | for 357 gold pieces
 25099 | Lair:1   | Found the amulet of the Air {Inacc +Fly rElec EV+5 RMsl}
 25734 | Lair:2   | Killed Gastronok
 25735 | Lair:2   | Reached XP level 14. HP: 93/93 MP: 24/25
 25989 | Lair:2   | Identified Pozyhur's Papyrus of Lethal Creation
 27656 | Lair:5   | Gained mutation: You are partially covered in molten
                  | scales. (AC +2) [potion of mutation]
 27656 | Lair:5   | Gained mutation: Your muscles are strong. (Str +2) [potion
                  | of mutation]
 27656 | Lair:5   | Gained mutation: You do not regenerate when monsters are
                  | visible. [potion of mutation]
 27656 | Lair:5   | Gained mutation: You evolve. [potion of mutation]
 27657 | Lair:5   | Lost mutation: Your muscles are strong. (Str +2) [potion of
                  | mutation]
 27657 | Lair:5   | Lost mutation: You evolve. [potion of mutation]
 27657 | Lair:5   | Gained mutation: Your mind is acute. (Int +2) [potion of
                  | mutation]
 27657 | Lair:5   | Gained mutation: You are clumsy. (Dex -2) [potion of
                  | mutation]
 27657 | Lair:5   | Gained mutation: You have a pair of small antennae on your
                  | head. [potion of mutation]
 27658 | Lair:5   | Lost mutation: You are clumsy. (Dex -2) [potion of
                  | mutation]
 27658 | Lair:5   | Lost mutation: You do not regenerate when monsters are
                  | visible. [potion of mutation]
 27658 | Lair:5   | Gained mutation: Your spells are a little harder to cast,
                  | but a little more powerful. [potion of mutation]
 27658 | Lair:5   | Gained mutation: You are frail. (-10% HP) [potion of
                  | mutation]
 27658 | Lair:5   | Gained mutation: You can translocate small distances at
                  | will. [potion of mutation]
 27658 | Lair:5   | Gained mutation: You are partially covered in slimy green
                  | scales. (AC +2) [potion of mutation]
 28207 | Orc:1    | Entered Level 1 of the Orcish Mines
 28374 | Orc:1    | Noticed Erica
 28381 | Orc:1    | Killed Erica
 28469 | Orc:1    | Found Gita's Distillery.
 28483 | Orc:1    | Bought a potion of degeneration for 14 gold pieces
 28762 | Orc:1    | Found Xecychaa's Armour Boutique.
 28849 | Orc:2    | Entered Level 2 of the Orcish Mines
 29238 | Orc:2    | Noticed an orc warlord
 29404 | Orc:2    | Paralysed by an orc sorcerer for 5 turns
 29411 | Orc:2    | Gained mutation: Your magical capacity is low. (-10% MP) [a
                  | neqoxec]
 29413 | Orc:2    | Found Amig's Antique Weapon Emporium.
 29414 | Orc:2    | Found a staircase to the Elven Halls.
 29935 | Orc:2    | Reached skill level 5 in Shields
 30048 | Orc:2    | Found a roughly hewn altar of Beogh.
 30645 | Orc:2    | Found Yclol's Antique Armour Shop.
 30678 | Orc:2    | Reached skill level 12 in Stealth
 30702 | Orc:2    | Found Bavvos's General Store.
 30710 | Orc:2    | Bought a scroll of teleportation for 39 gold pieces
 30710 | Orc:2    | Bought a scroll of enchant armour for 97 gold pieces
 31354 | Orc:2    | Found Maelenur's Book Boutique.
 31361 | Orc:2    | Bought a book of the Earth for 845 gold pieces
 31368 | Orc:2    | Learned a level 6 spell: Statue Form
 31449 | Orc:2    | Killed an orc warlord
 32019 | Orc:1    | Found Eder's Assorted Antiques.
 32019 | Orc:1    | Found a roughly hewn altar of Beogh.
 32040 | Orc:1    | Found Heet's Weapon Emporium.
 32041 | Orc:1    | Paralysed by an orc sorcerer for 5 turns
 32163 | Orc:1    | Bought a scroll of identify for 68 gold pieces
 32164 | Orc:1    | Bought a shimmering scimitar for 306 gold pieces
 32164 | Orc:1    | Identified the +7 scimitar of Lies {vamp, rElec rPois} (You
                  | bought it in a shop on level 1 of the Orcish Mines)
 32165 | Orc:1    | Identified the +10 rapier of Ovaog {vorpal, rC- rN+ MR+
                  | Int+3} (You found it on level 13 of the Dungeon)
 32166 | Orc:1    | Identified the +0 rapier of Desertification {flame, rC- MR+
                  | Int+4 SInv} (You found it on level 5 of the Lair of Beasts)
 32167 | Orc:1    | Identified the +0 hand axe of War {vorpal, SInv Stlth+}
                  | (You found it on level 12 of the Dungeon)
 32207 | Orc:1    | Found Opywi's General Store.
 33262 | Lair:5   | Reached XP level 15. HP: 90/90 MP: 17/24
 33645 | Lair:6   | Entered Level 6 of the Lair of Beasts
 33828 | Lair:6   | Reached skill level 10 in Transmutations
 34517 | Lair:6   | Paralysed by a spriggan for 7 turns
 35628 | D:14     | Found a runed translucent gate.
 35628 | D:14     | Found a runed translucent gate.
 35632 | D:14     | Found a runed translucent gate.
 35970 | D:14     | Found Cut Leikho's Jewellery Emporium.
 35981 | D:14     | Bought the ring of Ciypsoiggu {rF+ AC+4 Int+4 Dex+3 Stlth+}
                  | for 1147 gold pieces
 36321 | D:14     | Found a gate to the Vaults.
 36517 | D:14     | Reached skill level 13 in Stealth
 37276 | D:15     | Entered Level 15 of the Dungeon
 37378 | D:15     | Learned a level 1 spell: Apportation
 37463 | D:15     | Reached XP level 16. HP: 97/97 MP: 20/26
 38164 | D:15     | Found a staircase to the Depths.
 38221 | D:15     | Found a snail-covered altar of Cheibriados.
 38651 | Snake:1  | Entered Level 1 of the Snake Pit
 38703 | Shoals:1 | Entered Level 1 of the Shoals
 38858 | Shoals:1 | Found Tegrih's Antique Weapon Emporium.
 39416 | Shoals:1 | Identified 2 scrolls of acquirement
 39418 | Shoals:1 | Acquired an uncursed staff of earth
 39421 | Shoals:1 | Acquired the ring "Zesar" {MR+ Int+4 Dex+2}
 40081 | Shoals:2 | Reached skill level 1 in Evocations
 41200 | Snake:1  | Found Fieck's Magic Scroll Shop.
 41202 | Snake:1  | Found Oneroid's Antique Armour Boutique.
 41204 | Snake:1  | Found Rukkunyloir's Armour Shop.
 41212 | Snake:1  | Bought a scroll of identify for 34 gold pieces
 41213 | Snake:1  | Bought a scroll of identify for 34 gold pieces
 41222 | Snake:1  | Bought a runed hat for 203 gold pieces
 41232 | Snake:1  | Bought the +2 hood of the Assassin {Detection Stab+
                  | Stlth++} for 1740 gold pieces
 41232 | Snake:1  | Found the +2 hood of the Assassin {Detection Stab+ Stlth++}
 41340 | Snake:1  | Noticed Aizul
 41410 | Snake:1  | Killed Aizul
 41411 | Snake:1  | Reached skill level 10 in Fighting
 41914 | Snake:1  | Reached skill level 14 in Stealth
 42241 | Snake:2  | Reached XP level 17. HP: 40/103 MP: 14/27
 42300 | Snake:2  | Found a transporter.
 42455 | Snake:2  | Found a flickering gateway to a bazaar.
 42479 | Bazaar   | Entered a bazaar
 42481 | Bazaar   | Found Mudeeq's Magic Scroll Shoppe.
 42507 | Bazaar   | Found Anny Dul's Armour Shop.
 42510 | Bazaar   | Found Caeryona's Distillery.
 42522 | Bazaar   | Found Maheokoa's General Store.
 42562 | Bazaar   | Bought a scroll of acquirement for 572 gold pieces
 42563 | Bazaar   | Acquired 933 gold pieces
 42566 | Bazaar   | Bought a scroll of acquirement for 572 gold pieces
 42566 | Bazaar   | Acquired 1033 gold pieces
 42600 | Bazaar   | Bought a scroll of identify for 32 gold pieces
 42612 | Bazaar   | Bought a potion of might for 36 gold pieces
 42612 | Bazaar   | Bought a potion of invisibility for 72 gold pieces
 42612 | Bazaar   | Bought a potion of haste for 90 gold pieces
 42612 | Bazaar   | Bought 2 potions of mutation for 144 gold pieces
 42612 | Bazaar   | Bought a potion of curing for 27 gold pieces
 42612 | Bazaar   | Bought a potion of curing for 27 gold pieces
 42612 | Bazaar   | Bought a potion of curing for 27 gold pieces
 42632 | Bazaar   | Bought a scroll of enchant weapon for 82 gold pieces
 42632 | Bazaar   | Bought a scroll of identify for 22 gold pieces
 42632 | Bazaar   | Bought a scroll of fog for 22 gold pieces
 42632 | Bazaar   | Bought a scroll of identify for 22 gold pieces
 42752 | Snake:2  | Found a transporter.
 43342 | Snake:2  | You fall into a shaft and drop 1 floor!
 43937 | Snake:3  | Found Odavueff's Weapon Boutique.
 43956 | Snake:3  | Reached skill level 10 in Spellcasting
 44250 | Snake:3  | Noticed Donald
 44257 | Snake:3  | Killed Donald
 44342 | Snake:3  | Found Tituidd's Gadget Boutique.
 44342 | Snake:3  | Found Xorghutty's Jewellery Shoppe.
 44344 | Snake:3  | Found Fygethri's Gadget Boutique.
 44558 | Snake:2  | Identified the ring "Nyqit" {Ice Str+4 Int+5} (You found it
                  | on level 2 of the Snake Pit)
 44568 | Snake:2  | Identified the ring "Loruut" {MR+ Stlth+} (You found it on
                  | level 2 of the Snake Pit)
 44616 | Snake:4  | Entered Level 4 of the Snake Pit
 44670 | Snake:4  | Found a gateway to a bazaar.
 44705 | Bazaar   | Entered a bazaar
 44709 | Bazaar   | Found Ytha's Distillery.
 44720 | Bazaar   | Found Qagesimn's Magic Scroll Shop.
 44731 | Bazaar   | Found Imehet's Book Emporium.
 44738 | Bazaar   | Found Emiosurph's Magic Scroll Shop.
 44764 | Bazaar   | Bought a scroll of teleportation for 30 gold pieces
 44764 | Bazaar   | Bought a scroll of blinking for 75 gold pieces
 44764 | Bazaar   | Bought a scroll of fog for 20 gold pieces
 44783 | Bazaar   | Bought a scroll of teleportation for 45 gold pieces
 44783 | Bazaar   | Bought a scroll of blinking for 112 gold pieces
 44783 | Bazaar   | Bought a scroll of teleportation for 45 gold pieces
 44795 | Bazaar   | Bought a potion of mutation for 104 gold pieces
 44795 | Bazaar   | Bought a potion of heal wounds for 65 gold pieces
 44795 | Bazaar   | Bought 2 potions of haste for 260 gold pieces
 44795 | Bazaar   | Bought a potion of brilliance for 52 gold pieces
 44795 | Bazaar   | Bought a potion of brilliance for 52 gold pieces
 44795 | Bazaar   | Bought a potion of brilliance for 52 gold pieces
 44807 | Bazaar   | Bought a scroll of summoning for 142 gold pieces
 44815 | Bazaar   | Bought a manual of Dodging for 772 gold pieces
 44824 | Bazaar   | Bought a scroll of fear for 35 gold pieces
 44824 | Bazaar   | Bought a scroll of enchant weapon for 75 gold pieces
 44973 | Snake:4  | Reached skill level 5 in Evocations
 45654 | Snake:4  | Reached skill level 15 in Stealth
 45817 | Snake:4  | Reached skill level 10 in Dodging
 45821 | Snake:4  | Reached XP level 18. HP: 109/109 MP: 26/29
 45858 | Snake:4  | Noticed Roxanne
 45887 | Snake:4  | Killed Roxanne
 45899 | Snake:4  | Noticed Asterion
 45901 | Snake:4  | Reached skill level 15 in Earth Magic
 45905 | Snake:4  | Killed Asterion
 45912 | Snake:4  | Noticed Vashnia
 45929 | Snake:4  | Killed Vashnia
 46343 | Snake:4  | Got a serpentine rune of Zot
 47013 | Orc:2    | Bought a shiny kite shield for 277 gold pieces
 47205 | Vaults:1 | Entered Level 1 of the Vaults
 48062 | Vaults:1 | Reached skill level 5 in Unarmed Combat
 48086 | Vaults:1 | Reached skill level 5 in Long Blades
 48387 | Vaults:1 | Reached XP level 19. HP: 112/116 MP: 30/30
 48964 | Vaults:1 | Reached skill level 16 in Stealth
 48995 | Vaults:1 | Demolished by a vault warden

Illustrated notes

Levels and vault maps discovered:
D:1:      erik_arrival_blinker_ship, layout_rooms
D:2:      layout_basic, lemuel_coloured_pillars_altar, lemuel_round_altar,
          nicolae_tso_carved_into_rock, chequers_ecumenical_altar_twisty,
          serial_co_window_serial, co_window_paths_a, co_window_paths_a,
          co_window_corner_a, co_window_corner_a, co_window_corner_a,
          co_window_paths_c, co_window_broadway_a, co_window_broadway_c,
          co_window_broadway_b, glass_columns_c, glass_columns_a,
          guppyfry_early_lair_pool, uniq_sigmund
D:3:      layout_basic, marbit_many_paths, eat_drink_and_be_merry_uskayaw,
          minmay_fractal_squares_diagonal_5
D:4:      layout_loops_ring, overflow_temple_1_default, lemuel_temple_firewalk_b
D:5:      layout_basic, hangedman_abyss_or_decor_stagger
D:6:      minmay_chambers_of_threes, layout_basic, kennysheep_mini_moat,
          serial_shops, nicolae_shop_overgrown_old_shop, basic_altar,
          kennysheep_small_circle
D:7:      layout_loops_cross, lemuel_doored_altar, serial_shops,
          nicolae_shop_overgrown_old_shop, lemuel_altar_in_water, uniq_menkaure
D:8:      layout_basic, xom_butterflies, grunt_lair_entry_orc_guard_hut,
          lightli_church_of_beogh
D:9:      layout_cave_pools, enter_bailey_5
D:10:     layout_loops_corners, serial_shops, nicolae_shop_trees, basic_altar,
          kennysheep_dice, uniq_snorg, uniq_harold, uniq_maggie
D:11:     layout_stronghold, hellmonk_ghost_happy_afterlife, uniq_fannar
D:12:     layout_long_grid, zombieorc2_lemuel
D:13:     layout_rooms, gammafunk_ghost_cemetery, hangedman_decor_growths
D:14:     layout_loops_cross, hangedman_vaults_entry_quadrant_bands,
          ploomutoo_gammafunk_ghost_potion_laboratory, serial_shops,
          nicolae_shop_waterfront, grunt_ministairs_8,
          chequers_serial_rivers_large_a
D:15:     grunt_enter_depths_hoard, layout_gridville, lemuel_statue_altar,
          special_room [special_room_mythical_zoo]
Lair:1:   layout_chaotic_city, basic_altar, serial_bayou_shore_a,
          grunt_megastairs_2
Lair:2:   layout_chaotic_city, lemuel_fruit_tree, minmay_lair_oklob_chamber,
          serial_bayou_shore_b, uniq_gastronok
Lair:3:   layout_cellular_growth, shoals_dummy_entry,
          guppyfry_snake_entry_island
Lair:4:   layout_loops_ring, gammafunk_ghost_grave
Lair:5:   layout_regular_city, nicolae_slime_entry_slimehenge, uniq_nessos
Lair:6:   minmay_lair_end_enchanted_forest, layout_gridlike
Shoals:1: layout_shoals, serial_shops, shop
Shoals:2: layout_shoals, st_shoals_ruin
Snake:1:  layout_cave_shapes, minmay_shop_star, uniq_aizul
Snake:2:  gammafunk_its_a_trap, layout_misc_corridors, serial_shops,
          bzr_entry_customers
Snake:3:  layout_cave_pods, serial_shops, shop_fountains, minmay_shop_grove,
          uniq_donald
Snake:4:  snake_pit, layout_rooms, serial_shops, statue_bzr, serial_curves,
          eino_curves_01, eino_curves_03, eino_curves_04, uniq_asterion,
          uniq_vashnia, uniq_roxanne
Orc:1:    layout_caves, serial_shops, nicolae_shop_competitors_out_of_business,
          nicolae_shop_statue_plus, nicolae_shop_crystal, nicolae_shop_trees,
          nicolae_shop_crystal, mines2_david, uniq_erica
Orc:2:    grunt_orc_gardens, layout_caves, grunt_orc_garden, grunt_orc_garden,
          grunt_orc_garden, grunt_orc_garden, basic_altar, mines5_lemuel
Vaults:1: vaults_room_grunt_arrival_ludios, nicolae_vaults_octagons,
          nicolae_vaults_network_periphery, nicolae_vaults_little_ls,
          vaults_mumra_hexcomb, grunt_vaults_bifocal, vaults_dpeg_encased_lava,
          grunt_vaults_diagonal, dpeg_vaults_monster_row,
          ontoclasm_vaults_claustrophobia, ontoclasm_vaults_loading_screen,
          grunt_vaults_hallway_short, layout_vaults_maze_snakey

Skill      XL: |  1  2  3  4  5  6  7  8  9 10 11 12 13 14 15 16 17 18 19 |
---------------+----------------------------------------------------------+-----
Stealth        | 3 4 5 6 7 8 10 11 12 13 14 15 16 | 16.0
Fighting       | 1 2 3 4 5 6 7 8 9 10 11 | 11.5
Unarmed Combat | 1 2 3 4 5 |  5.4
Transmutations | 2 3 4 5 6 7 8 9 10 12 13 | 13.4
Earth Magic    | 4 5 6 7 9 10 11 12 13 14 15 | 15.6
Conjurations   | 1 2 3 5 6 7 8 9 |  9.1
Dodging        | 3 4 5 6 7 8 9 10 11 | 11.5
Spellcasting   | 3 4 5 6 7 8 9 10 | 10.9
Long Blades    | 2 3 4 5 |  5.3
Translocations | 3 5 |  5.1
Shields        | 2 4 5 6 7 |  7.9
Evocations     | 3 5 7 |  7.2
Staves         | |  0.1

Action                   |  1- 3 |  4- 6 |  7- 9 | 10-12 | 13-15 | 16-18 | 19-21 || total
-------------------------+-------+-------+-------+-------+-------+-------+-------++-------
Melee: Unarmed           |    13 |       |       |       |       |       |       ||    13
       Constrict         |    13 |    21 |    29 |    28 |   159 |    87 |    10 ||   347
       Tentacles         |     4 |    17 |    25 |    45 |   307 |   287 |    27 ||   712
       Short sword       |    23 |    94 |    30 |       |   247 |       |       ||   394
       Punch             |       |     1 |     3 |     3 |    32 |    44 |     1 ||    84
       Scimitar          |       |       |    53 |    15 |   569 |   809 |    68 ||  1514
       Dagger            |       |       |       |   122 |   102 |     9 |       ||   233
       Staff             |       |       |       |       |       |    94 |       ||    94
 Cast: Sandblast         |     6 |    11 |    50 |    14 |    48 |    21 |       ||   150
       Stone Arrow       |       |       |    29 |   147 |   275 |    26 |       ||   477
       Lee's Rapid Decon |       |       |       |    39 |    97 |    58 |     6 ||   200
       Petrify           |       |       |       |    36 |    55 |    10 |       ||   101
       Blink             |       |       |       |     7 |     8 |     4 |       ||    19
       Statue Form       |       |       |       |       |    37 |    70 |     4 ||   111
       Iron Shot         |       |       |       |       |       |     7 |     2 ||     9
Invok: Call Merchant     |       |       |       |     2 |     2 |       |       ||     4
Evoke: Wand              |       |       |    13 |    17 |    26 |    24 |       ||    80
       Condenser vane    |       |       |       |       |       |     1 |     1 ||     2
  Use: Scroll            |     2 |     1 |     1 |    14 |    13 |    29 |       ||    60
       Potion            |       |       |       |     4 |     4 |    19 |       ||    27
 Stab: Sleeping          |     2 |    11 |     8 |    11 |    24 |    30 |       ||    86
       Paralysed         |       |       |     8 |     3 |     3 |     2 |       ||    16
       Distracted        |       |       |       |     2 |    17 |    17 |     1 ||    37
       Petrified         |       |       |       |    47 |    60 |    14 |       ||   121
       Petrifying        |       |       |       |       |     2 |     2 |       ||     4
Armor: Skin              |     4 |     3 |     5 |     6 |   309 |   539 |    26 ||   892
Dodge: Dodged            |    26 |    55 |    88 |    98 |   942 |  1222 |    59 ||  2490
       Repelled          |       |       |       |       |     8 |    71 |       ||    79
Block: Other             |       |    11 |    23 |    25 |       |       |       ||    59
       Reflection        |       |     1 |     1 |     1 |    10 |       |       ||    13
       Kite shield       |       |       |       |    24 |   845 |   911 |    62 ||  1842
       Rpst.: Scimitar   |       |       |    27 |     3 |   201 |   218 |    14 ||   463

Table legend: (Time is in decaauts)
 A = Elapsed time spent in this place.
 B = Non-inter-level travel time spent in this place.
 C = Inter-level travel time spent in this place.
 D = Time resting spent in this place.
 E = Time spent auto-exploring this place.
 F = Levels seen in this place.
 G = Mean time per level.
                   A        B        C        D        E       F      G
               +--------+--------+--------+--------+--------+-----+--------+
         Total |  52549 |  49492 |   3057 |  10642 |  27420 |  33 | 1592.4 |
       Dungeon |  22570 |  20925 |   1645 |   3577 |  13663 |  15 | 1504.7 |
          Lair |  13454 |  12661 |    793 |   3672 |   6532 |   6 | 2242.3 |
        Shoals |   2450 |   2390 |     60 |    306 |   1483 |   2 | 1225.0 |
     Snake Pit |   6906 |   6716 |    190 |   1232 |   3063 |   4 | 1726.5 |
  Orcish Mines |   4433 |   4090 |    343 |   1362 |   1516 |   2 | 2216.5 |
        Vaults |   1909 |   1886 |     23 |    415 |    841 |   1 | 1909.0 |
        Bazaar |    339 |    339 |      0 |      0 |     84 |   2 |  169.5 |
        Bailey |    485 |    485 |      0 |     77 |    237 |   1 |  485.0 |
               +--------+--------+--------+--------+--------+-----+--------+

Top non-repeatable levels by time:
   Orc:2: 3095 daAuts
  Lair:1: 2863 daAuts
    D:12: 2574 daAuts
    D:14: 2511 daAuts
  Lair:5: 2501 daAuts
  Lair:3: 2385 daAuts
 Snake:4: 2369 daAuts
     D:8: 2284 daAuts
  Lair:6: 2037 daAuts
     D:6: 1990 daAuts
Vaults:1: 1909 daAuts
    D:11: 1900 daAuts
  Lair:4: 1898 daAuts
    D:13: 1830 daAuts
  Lair:2: 1767 daAuts
